 Dungeon Sprint DCSS version 0.30-a0-715-gdb4ae3ece1 (webtiles) character file.

Game seed: 17083597709760324572

0 rocky1 the Firebug (level 1, -3/15 HPs)
             Began as a Tengu Fire Elementalist on Jan 24, 2023.
             Slain by a scorpion (6 damage)
             ... in the Dungeon (Sprint VI: "Thunderdome").
             The game lasted 00:01:15 (67 turns).

rocky1 the Firebug (Tengu Fire Elementalist)          Turns: 67, Time: 00:01:16

Health: -3/15      AC:  2    Str:  8    XL:     1   Next: 70%
Magic:  0/4        EV: 12    Int: 15    God:
Gold:   200        SH:  0    Dex: 14    Spells: 3/4 levels left

rFire   . . .      SeeInvis .    l - +0 trident (flame)
rCold   . . .      Faith    .    (no shield)
rNeg    . . .      Spirit   .    a - +0 robe
rPois   .          Reflect  .    (helmet restricted)
rElec   .          Harm     .    (no cloak)
rCorr   .          Rampage  .    (no gloves)
Will    .....      NoTele   +    (boots unavailable) Stlth
                                 (no amulet)
HPRegen 0.22/turn                (no ring)
MPRegen 0.09/turn                (no ring)

@: berserking, very quick
A: beak, talons 3
a: no special abilities


You were in the Dungeon.
You visited 1 branch You collected 200 gold pieces.

Inventory:

Hand Weapons
 l - a +0 trident of flaming (weapon)
Armour
 a - a +0 robe (worn)
Wands
 i - a wand of acid (5)
 j - a wand of roots (5)
Scrolls
 g - 4 scrolls of blinking
 k - 3 scrolls of fog
Potions
 b - 3 potions of magic
 d - 4 potions of heal wounds
 e - 4 potions of haste
 h - a potion of resistance


   Skills:
 - Level 2.1 Dodging
 - Level 2.0 Stealth
 + Level 2.3 Spellcasting
 * Level 3.0 Conjurations
 * Level 4.0 Fire Magic


You had 3 spell levels left.
You knew the following spells:

 Your Spells              Type           Power      Damage    Failure   Level
a - Foxfire               Conj/Fire      48%        2x1d6     4%          1

Your spell library contained the following spells:

 Spells                   Type           Power      Damage    Failure   Level
 Scorch                   Fire           26%        2d6       6%          2
 Inner Flame              Hex/Fire       7%         N/A       28%         3
 Kindle Blastsparks       Fire/Tloc/Air  10%        2d10      36%         3
 Flame Wave               Conj/Fire      12%        2d6       45%         4


Dungeon Overview and Level Annotations

Branches:
Dungeon (1/1)

Altars:
Cheibriados
Dithmenos
Fedhas
Gozag
Kikubaaqudgha
Makhleb
Qazlal
Sif Muna
Trog
Vehumet
Wu Jian
Yredelemnul
Zin
The Shining One

Shops:
D *[???:(


Innate Abilities, Weirdness & Mutations

You have a beak for a mouth.
You have claws for feet.


Message History

Confirm with . or Enter, or press ? or * to list all spells.
You conjure some foxfire!
The foxfire hits the scorpion.
The scorpion is lightly wounded.
The foxfire hits the scorpion but does no damage.
The scorpion is lightly wounded.
You reach to attack!
You barely miss the scorpion.
The scorpion is lightly wounded.
Casting: Foxfire (safe; 4% risk of failure)
Confirm with . or Enter, or press ? or * to list all spells.
You conjure some foxfire!
The giant cockroach closely misses you. The scorpion barely misses you.
The giant cockroach misses you.
Your foxfire dissipates!
The scorpion attacks as you move away! The scorpion stings you.
The giant cockroach attacks as you move away!
The giant cockroach misses you.
The foxfire hits the scorpion but does no damage.
The scorpion is lightly wounded.
The scorpion closely misses you.
You closely miss the scorpion. You claw the scorpion.
The scorpion is moderately wounded.
The giant cockroach closely misses you. The scorpion stings you.
Ouch! That really hurt!
* * * LOW HITPOINT WARNING * * *
You are lethally poisoned!
The scorpion poisons you!
You feel better. The giant cockroach barely misses you.
The scorpion stings you. The giant cockroach closely misses you.
A red film seems to cover your vision as you go berserk!
You feel yourself moving faster!
You feel mighty! The scorpion stings you. The giant cockroach bites you.
The scorpion misses you.
You hit the scorpion. You burn the scorpion.
The scorpion is heavily wounded.
The giant cockroach bites you. The scorpion stings you.
* * * LOW HITPOINT WARNING * * *
You closely miss the scorpion. You claw the scorpion!
The scorpion is almost dead. 50...
The giant cockroach closely misses you. The scorpion stings you.
You die...

#_......._#
###.........###
#⌠...........⌠#
######.8.........8.###
##.___......###......__
###∩........8.# #.8......
#.............###........
⌠..........###...###.....
⌠........@.# #.<.# .....
⌠.......Bs.###...# .....
#........[....###... ....
###∩.......†8.# .8......
##∩___......# ......
######.8.........8.#
#⌠...........⌠# ###......
.### _.....


You could see a scorpion and a giant cockroach.

Vanquished Creatures
  An orc (D)
  A bat (D)
  A hobgoblin (D)
3 creatures vanquished.

Vanquished Creatures (others)
  9 foxfires (D)
9 creatures vanquished.

Grand Total: 12 creatures vanquished

Notes
Turn   | Place    | Note
-------+----------+-------------------------------------------
     0 | D        | rocky1 the Tengu Fire Elementalist began the quest for the
                  | Orb.
     0 | D        | Reached XP level 1. HP: 10/10 MP: 4/4
     3 | D        | Found a burning altar of Makhleb.
     3 | D        | Found a glowing silver altar of Zin.
     4 | D        | Found a snail-covered altar of Cheibriados.
     5 | D        | Found a glowing golden altar of the Shining One.
     5 | D        | Round 1.
     6 | D        | Found a basalt altar of Yredelemnul.
     6 | D        | Found a bloodstained altar of Trog.
     6 | D        | Found Olleffargh's Staff Store.
     6 | D        | Found Qupteirch's Magic Scroll Shop.
     7 | D        | Found Iqatiej's Must-Have Magic.
     7 | D        | Found Emnozo Gino's Magic Scroll Shop.
    12 | D        | Found an ornate altar of the Wu Jian Council.
    27 | D        | Found an ancient bone altar of Kikubaaqudgha.
    27 | D        | Found a blossoming altar of Fedhas.
    31 | D        | Found Ceov's Jewellery.
    31 | D        | Found Louffuuxeli's Advanced Armour.
    34 | D        | Found a shadowy altar of Dithmenos.
    34 | D        | Found a radiant altar of Vehumet.
    34 | D        | Found a shimmering blue altar of Sif Muna.
    34 | D        | Found Rein's Identification Station.
    38 | D        | Found an opulent altar of Gozag.
    53 | D        | Found a stormy altar of Qazlal.
    54 | D        | Noticed a scorpion
    57 | D        | Reached skill level 4 in Fire Magic
    67 | D        | Slain by a scorpion

Illustrated notes

Levels and vault maps discovered:
D:        arena_sprint

Skill      XL: |  1 |
---------------+----+-----
Conjurations   | 3 |  3.0
Fire Magic     | 4 |  4.0
Dodging        | |  2.1
Stealth        | |  2.0
Spellcasting   | |  2.3

Action                     || total
---------------------------++-------
  Melee: Trident           ||     7
         Unarmed           ||     5
         Kick              ||     4
         Peck              ||     1
   Cast: Foxfire           ||     6
    Use: Potion            ||     2
 Armour: Robe              ||     1
  Dodge: Dodged            ||    15

Table legend: (Time is in decaauts)
 A = Elapsed time spent in this place.
 B = Non-inter-level travel time spent in this place.
 C = Inter-level travel time spent in this place.
 D = Time resting spent in this place.
 E = Time spent auto-exploring this place.
 F = Levels seen in this place.
 G = Mean time per level.
                   A        B        C        D        E       F      G
               +--------+--------+--------+--------+--------+-----+--------+
         Total |     67 |     67 |      0 |      0 |      0 |   1 |   67.0 |
       Dungeon |     67 |     67 |      0 |      0 |      0 |   1 |   67.0 |
               +--------+--------+--------+--------+--------+-----+--------+

Top non-repeatable levels by time:
       D: 67 daAuts
